[Event "Open Nuevo Centro. Jornada 1"]
[Site "Chess.com"]
[Date "2020.06.19"]
[Round "9"]
[White "Donate Moreno, David"]
[Black "Crevillen Abad, Clemente"]
[Result "0-1"]
[WhiteElo "1505"]
[BlackElo "1757"]
[TimeControl "180+2"]
[EndTime "12:13:28 PDT"]
[Termination "Victoria de Clementovich por jaque mate"]

1. e4 c5 2. Nf3 Nc6 3. d4 cxd4 4.
Nxd4 Nf6 5. Nc3 e5 6. Nb3 Bb4 7. Bd3 h6 8. Bd2 O-O 9. a3 Be7 10. O-O d5 11. exd5 Nxd5 12. Nxd5 Qxd5 13. Bxh6 gxh6 14. Bh7+ Kxh7 15. Qxd5 Be6 16. Qd3+ f5 17.
Rfe1 Rad8 18. Qf1 Bf6 19. Rad1 Bxb3 20. cxb3 Nd4 21. Qc4 Rd7 22. h3 Rfd8 23. Qf1 Kg6 24. g4 Nf3+ 25. Kh1 Nxe1 26. Rxd7 Rxd7 27. Qxe1 e4 28. gxf5+ Kxf5 29. Qe2 Rd3 30. Qg4+ Ke5 31. Qh5+ Bg5 32. Qe8+ Kf5 33. Qc8+ Ke5 34. Qc7+ Kf5 35.
Qc5+ Kf4 36. Qc1+ Kf3 37. Qg1 Ke2 38. Qg4+ Kxf2 39. Qxe4 Rxh3# 0

[Event "Open Nuevo Centro. Jornada 1"]
[Site "Chess.com"]
[Date "2020.06.19"]
[Round "9"]
[White "Lloret Ramis, Juan Jos�"]
[Black "Gil Lopez, Alejandro"]
[Result "0-1"]
[WhiteElo "1975"]
[BlackElo "2047"]
[TimeControl "180+2"]
[EndTime "12:14:04 PDT"]
[Termination "Victoria de AglVal0313 por tiempo"]

1. c4 c5 2. Nc3 g6 3. Nf3 Bg7 4. g3 Nc6 5. Bg2 e6 6. O-O Nge7 7. d4 Nxd4 8. Nxd4 Bxd4 9. Nb5 Nc6 10. Nd6+ Ke7 11.
e3 Bg7 12. e4 Nd4 13. e5 Bxe5 14.
Ne4 Qc7 15. Bh6 f5 16. f4 Bf6 17. Nxf6 Kxf6 18. b4 d6 19. Qd3 Bd7 20. Rfe1 Bc6 21. b5 Bxg2 22. Kxg2 Rhe8 23. Re3 e5 24. fxe5+ dxe5 25. Rf1 Rad8 26. Ree1 Nxb5 27. Qe3 Nd4 28. Bg5+ Kg7 29. Bxd8 Qxd8 30. h4 Nc2 31. Qxc5 Nxe1+ 32. Rxe1 Qd2+ 33. Kf1 e4 34. Qc7+ Kh6 35. Qf7 e3 0

[Event "Open Nuevo Centro. Jornada 1"]
[Site "Chess.com"]
[Date "2020.06.19"]
[Round "9"]
[White "Fern�ndez Martin, Carlos"]
[Black "Hassomal Daswani, Birjkumar"]
[Result "0-1"]
[WhiteElo "1579"]
[BlackElo "1847"]
[TimeControl "180+2"]
[EndTime "12:14:14 PDT"]
[Termination "Victoria de daz000007 por abandono"]

1. e4 c5 2. Nc3 e6 3. d3 a6 4.
g3 Nc6 5. Bg2 d6 6. f4 Nge7 7.
Nf3 Bd7 8. Be3 Rc8 9. Qd2 b5 10.
O-O Qb6 11. a3 Nd4 12. b4 Nec6 13. bxc5 dxc5 14. Ne2 Nxe2+ 15. Qxe2 Be7 16. f5 O-O 17. g4 Bf6 18. g5 Bxa1 19. Rxa1 exf5 20. exf5 Bxf5 21.
Nh4 Bg6 22. Nf3 Rfe8 23. Qf2 Ne5 24. h4 Ng4 25. Qg3 Nxe3 26. Bh3 Qc7 27. Qf2 Bf5 28. Bxf5 Nxf5 29. h5 Qf4 30. g6 hxg6 31. hxg6 Qe3 32. gxf7+ Kxf7 33. Qxe3 Rxe3 34. Ng5+ Kf6 35. Ne4+ Ke5 36.
Rf1 g6 37. Kg2 Rd8 38. Nxc5 Re2+ 39. Kh3 Rxc2 40. Re1+ Kd5 41. Nxa6 Rh8+ 42. Kg4 Rg2+ 43. Kf4 Rh4+ 44. Kf3 Rg3+ 45. Kf2 Rh2+ 46. Kf1 Ne3+ 47. Rxe3 Rxe3 48. Nb4+ Kd6 49. Kg1 Ree2 0

[Event "Open Nuevo Centro. Jornada 1"]
[Site "Chess.com"]
[Date "2020.06.19"]
[Round "9"]
[White "Borissov, Juli�n"]
[Black "Roca Cruz, Rafael"]
[Result "1-0"]
[WhiteElo "1851"]
[BlackElo "1679"]
[TimeControl "180+2"]
[EndTime "12:14:17 PDT"]
[Termination "Victoria de julianborisov por tiempo"]

1. e4 c5 2. Nf3 e6 3. d4 cxd4 4. Nxd4 Nf6 5. Nc3 Bb4 6. Qf3 d5 7. e5 Nfd7 8. Qg3 Qc7 9. f4 O-O 10. Bd2 Nc6 11. Nxc6 Qxc6 12. Bb5 Qb6 13. Bd3 Nc5 14. a3 Nxd3+ 15. Qxd3 Bc5 16. Na4 Qc6 17. Nxc5 Qxc5 18. Bb4 Qb6 19. Bxf8 Kxf8 20. b3 Bd7 21. Qxh7 Qe3+ 22. Kd1 Qd4+ 23. Ke2 Bb5+ 24. Kf3 Ke7 25. Rhe1 Rc8 26. c4 1

[Event "Open Nuevo Centro. Jornada 1"]
[Site "Chess.com"]
[Date "2020.06.19"]
[Round "9"]
[White "Yeste Campos, Manuel"]
[Black "Sanchis Bon, Sergi"]
[Result "1/2-1/2"]
[WhiteElo "911"]
[BlackElo "1009"]
[TimeControl "180+2"]
[EndTime "12:14:38 PDT"]
[Termination "Partida en tablas por material insuficiente"]

1. e4 Nc6 2. Nf3 Nf6 3. Nc3 e5 4. Bc4 Bd6 5. O-O O-O 6. d3 Bc5 7. Bg5 h6 8. Bh4 g5 9. Bg3 g4 10. Nxe5 Nxe5 11. Bxe5 d6 12. Bxf6 Qxf6 13. Nd5 Qh4 14.
Nxc7 Rb8 15. Nb5 g3 16. hxg3 Qg4 17. Qxg4+ Bxg4 18. d4 Bb6 19. Nxd6 Bxd4 20. Bd5 Rbd8 21. Nxb7 Rd7 22. Na5 Be6 23. Bxe6 fxe6 24. Rad1 Rfd8 25. c3 Bxf2+ 26. Kxf2 Rxd1 27. Rxd1 Rxd1 28. Nc4 Ra1 29.
a3 Rd1 30. e5 Rd8 31. g4 Rf8+ 32. Kg3 Rf7 33. Kh4 Rg7 34. g3 Rf7 35. g5 hxg5+ 36. Kxg5 Rg7+ 37. Kf4 Rf7+ 38. Kg4 Rg7+ 39. Kh3 Rh7+ 40.
Kg2 Rf7 41. Nd6 Rd7 42. Nc8 Rd2+ 43. Kf3 Rxb2 44. Nxa7 Rb3 45. a4 Rxc3+ 46. Kg2 Ra3 47. g4 Rxa4 48. Nc6 Rxg4+ 49. Kf3 Rg5 50. Kf4 Rh5 51. Nd4 Rh7 52. Nxe6 Rf7+ 53. Ke4 Re7 54.
Nf4 Rxe5+ 55. Kxe5 1/2-1

[Event "Open Nuevo Centro. Jornada 1"]
[Site "Chess.com"]
[Date "2020.06.19"]
[Round "9"]
[White "Cebolla Ruiz, David"]
[Black "Camison Zornoza, Cesar"]
[Result "0-1"]
[WhiteElo "1576"]
[BlackElo "1479"]
[TimeControl "180+2"]
[EndTime "12:14:41 PDT"]
[Termination "Victoria de cczchess2019 por abandono"]

1. e4 Nf6 2. e5 Nd5 3. d4 d6 4.
exd6 exd6 5. Nf3 Be7 6. Bd3 O-O 7. O-O h6 8. Bd2 c5 9. dxc5 dxc5 10. Nc3 Nb4 11.
Bc4 N8c6 12. a3 Na6 13. Bxa6 bxa6 14. Be3 Bf5 15. Qe2 Nd4 16. Bxd4 cxd4 17. Rad1 Bf6 18. Qd2 dxc3 19. Qxd8 Rfxd8 20. Rxd8+ Rxd8 21. bxc3 Bxc3 22. Rc1 Bb2 23. Rf1 Bxa3 24. h3 Bxc2 25. Kh2 Bd6+ 26.
g3 Be4 27. Kg2 Bxf3+ 28. Kxf3 Bc5 29. Ra1 Bb6 30. Rxa6 Rd2 31. Kg4 Rxf2 32. Kh4 Kh7 33. g4 Rf3 34. g5 Bd8 35. Kg4 Rd3 36. Ra4 Bb6 37. Re4 hxg5 38. Kxg5 Bd8+ 39. Kh5 g6+ 40. Kg4 f5+ 41. Kf4 fxe4 42. Kg4 a5 43. h4 e3 44. Kf3 Bb6 45. Ke2 Rd2+ 46. Ke1 Rh2 47. h5 gxh5 48. Kf1 a4 49. Kg1 Rb2 50. Kf1 a3 51. Kg1 a2 0

[Event "Open Nuevo Centro. Jornada 1"]
[Site "Chess.com"]
[Date "2020.06.19"]
[Round "9"]
[White "Perrot, Fabien "]
[Black "Ursariu, Nikolas Victor"]
[Result "1-0"]
[WhiteElo "992"]
[BlackElo "1062"]
[TimeControl "180+2"]
[EndTime "12:14:41 PDT"]
[Termination "Victoria de InspiredMinds por jaque mate"]

1. d4 d5 2. Nf3 Nf6 3. Bf4 Bf5 4. e3 e6 5. c4 c5 6. Qb3 Qd7 7. Nc3 cxd4 8. Nxd4 Bc5 9. Nxf5 O-O 10. Rd1 Nc6 11. Be2 Rad8 12. Bg5 Be7 13. O-O exf5 14. Bxf6 Bxf6 15. Rxd5 Qc7 16. Rfd1 Rxd5 17. Rxd5 Rd8 18. Rd1 Rxd1+ 19. Bxd1 Qd6 20. Qxb7 Bxc3 21. Qc8+ Nd8 22. Bb3 Qd2 23. h3 h6 24. bxc3 Kh7 25. Qxf5+ Kg8 26. Qc2 Qe1+ 27. Kh2 Ne6 28. Qd3 Qxf2 29.
Qd5 Qxg2+ 30. Kxg2 Ng5 31. Qa8+ Kh7 32. Qxa7 Ne4 33. c5 Nxc3 34. c6 Nd5 35. c7 Nxc7 36. Qxc7 f6 37. Qf7 Kh8 38. Bc2 f5 39. Bxf5 g6 40.
Qf8+ Kh7 41. Qe7+ Kh8 42. Be6 h5 43. Qe8+ Kg7 44. Qf7+ Kh6 45. a4 Kg5 46. Qf4# 1

[Event "Open Nuevo Centro. Jornada 1"]
[Site "Chess.com"]
[Date "2020.06.19"]
[Round "9"]
[White "Birnoveanu, Petru"]
[Black "Bosch Jord�, Ricard"]
[Result "1-0"]
[WhiteElo "1552"]
[BlackElo "1538"]
[TimeControl "180+2"]
[EndTime "12:14:55 PDT"]
[Termination "Victoria de piculet por tiempo"]

1. e4 c6 2. d4 d5 3. exd5 cxd5 4. f4 Nc6 5. c3 Bf5 6. Bd3 Bxd3 7. Qxd3 e6 8. Nf3 Nf6 9. Nbd2 Bd6 10. Ne5 Nd7 11. Qb5 a6 12. Qxb7 Ncxe5 13. fxe5 Be7 14. O-O O-O 15. Qc6 a5 16. Qa4 Nb6 17. Qc2 Qc7 18. Nf3 f6 19. Bf4 fxe5 20. Bxe5 Qc6 21. Rae1 Nc4 22. b3 Nxe5 23. Nxe5 Rxf1+ 24. Rxf1 Qc7 25. Qd3 Bf6 26. Ng4 Be7 27. Rf3 a4 28. Qe2 Qd7 29.
Re3 axb3 30. axb3 Ra1+ 31. Kf2 Qa7 32. Kg3 Qb8+ 33. Kh3 Qxb3 34. Rxe6 Qxc3+ 35. Re3 Qxd4 36. Rxe7 Ra3+ 37. g3 h6 38. Re8+ Kh7 39. Re7 Rb3 40.
Qe6 Qd1 41. Nf6+ Kg6 42. Nxd5+ Kh7 43. Qf5+ 1

[Event "Open Nuevo Centro. Jornada 1"]
[Site "Chess.com"]
[Date "2020.06.19"]
[Round "9"]
[White "Aguado, Pablo Luis"]
[Black "Gracia Calvo, Andres"]
[Result "1-0"]
[WhiteElo "1685"]
[BlackElo "1822"]
[TimeControl "180+2"]
[EndTime "12:15:05 PDT"]
[Termination "Victoria de PLAD_2006 por jaque mate"]

1. d4 d5 2. c4 c6 3. Nc3 e6 4. e4 dxe4 5. Nxe4 Nd7 6. Nf3 Ngf6 7.
Nxf6+ Nxf6 8. Bd3 Bd6 9. O-O O-O 10. b3 h6 11. Bb2 b6 12. Qc2 Bb7 13. Rfe1 Qc7 14. Qe2 Rad8 15. Ne5 c5 16. Rad1 cxd4 17. Bxd4 Bc5 18. Bc3 Ba8 19. Ng4 Nxg4 20. Qxg4 f6 21. Qg6 e5 22. Qh7+ Kf7 23. Bg6+ Ke6 24. Bf5+ Kf7 25.
Bd2 Rh8 26. Qg6+ Kf8 27. b4 Bd6 28. Be3 Qf7 29. Qg4 Ke7 30. c5 bxc5 31. bxc5 Bc7 32. c6 Rxd1 33. Rxd1 Rd8 34. Bc5+ Ke8 35. Bd7+ Rxd7 36. cxd7+ Kd8 37. Qe2 Bc6 38. Qa6 Qe6 39. Qc8# 1

[Event "Open Nuevo Centro. Jornada 1"]
[Site "Chess.com"]
[Date "2020.06.19"]
[Round "9"]
[White "Granero Roca, Antonio"]
[Black "Luque Saiz, Andres"]
[Result "1-0"]
[WhiteElo "2528"]
[BlackElo "1932"]
[TimeControl "180+2"]
[EndTime "12:15:21 PDT"]
[Termination "Victoria de Somtor por abandono"]

1. Nf3 d5 2. g3 c6 3. Bg2 Nf6 4. O-O Bf5 5. d4 h6 6. Bf4 Nbd7 7. c3 e6 8. h3 Bh7 9. g4 Be7 10. Qb3 Qb6 11. Nbd2 O-O 12. Rfe1 Ne4 13. Nxe4 Bxe4 14. Ne5 Nxe5 15. Bxe5 Bxg2 16. Kxg2 Qxb3 17.
axb3 a6 18. f3 f6 19. Bg3 Kf7 20. e4 g6 21. Re2 Rfe8 22. Rae1 Bf8 23. f4 Rad8 24. Kf3 h5 25. exd5 exd5 26. f5 gxf5 27. gxf5 Rxe2 28. Rxe2 Re8 29. Rxe8 Kxe8 30. Bf4 c5 31.
dxc5 Bxc5 32. Kg3 d4 33. Kh4 dxc3 34. bxc3 b5 35. b4 Bf2+ 36. Kxh5 Kf7 37. Bd2 Kg7 38. Kg4 Kf7 39. Kf3 Bh4 40. Ke4 Ke7 41. Kd5 Kd7 42.
Be3 Bg3 43. Bd4 Bh4 44. Bg1 Be1 45. Bd4 Bh4 46. Ke4 Ke7 47. Kf3 Kf7 48. Kg4 Be1 49.
h4 Kg7 50. h5 Bd2 51. Kf3 Kf7 52. Ke4 Ke7 53. Kd3 Bf4 54. Be3 Be5 55. h6 Kf7 56. h7 Kg7 57. Bd4 Bd6 58. Bxf6+ Kxh7 59. Ke4 Kg8 60. Kd5 Bf4 61. Ke6 Kf8 62. Be7+ Ke8 63. f6 1

[Event "Open Nuevo Centro. Jornada 1"]
[Site "Chess.com"]
[Date "2020.06.19"]
[Round "9"]
[White "Lopez Mateo, Juan Carlos"]
[Black "Bendayan Claros, Aaron"]
[Result "0-1"]
[WhiteElo "1943"]
[BlackElo "1811"]
[TimeControl "180+2"]
[EndTime "12:15:23 PDT"]
[Termination "Victoria de Cuajada_Zero por tiempo"]

1. e4 c6 2. Ne2 d5 3. e5 Bf5 4. Ng3 Bg6 5. h4 h5 6. e6 Qd6 7. exf7+ Bxf7 8. d4 e5 9. dxe5 Qxe5+ 10. Be2 Nd7 11. Nd2 O-O-O 12. Nf3 Qc7 13. O-O Ngf6 14. Ng5 Ne5 15. a4 Bd6 16. Nf5 Ne4 17. Nxd6+ Nxd6 18. Bf4 Rde8 19. Re1 Bg6 20. Qd4 Nf5 21. Qxa7 Nf3+ 22.
Nxf3 Qxf4 23. Bd3 Nxh4 24. Nxh4 Qxh4 25. Bxg6 Ref8 26. Qa8+ Kc7 27. Qa5+ Kc8 28. Qd2 Qf6 29. Bd3 h4 30. Re3 g5 31. Rf3 Qxb2 32. Re1 Rxf3 33. gxf3 Qf6 34. Qe3 Kb8 35. Qe5+ Qxe5 36. Rxe5 Rg8 37.
Kh2 g4 38. f4 g3+ 39. fxg3 Rxg3 40. f5 Rf3 41. Re7 Ka7 42. a5 c5 43. a6 c4 0

[Event "Open Nuevo Centro. Jornada 1"]
[Site "Chess.com"]
[Date "2020.06.19"]
[Round "9"]
[White "Garcia Trobat, Francisco"]
[Black "Macias Pino, Diego"]
[Result "0-1"]
[WhiteElo "2207"]
[BlackElo "2193"]
[TimeControl "180+2"]
[EndTime "12:15:24 PDT"]
[Termination "Victoria de jesuimafe por jaque mate"]

1. e4 c6 2. d3 d5 3. Nd2 e5 4. Ngf3 Bd6 5. Be2 Nf6 6. O-O O-O 7. c3 Be6 8. Qc2 Nbd7 9. b3 Qc7 10. Bb2 Rad8 11.
Rfe1 Rfe8 12. a3 Nh5 13. Bf1 h6 14. b4 a5 15. g3 g5 16. Bg2 Nhf6 17. Nf1 axb4 18.
cxb4 dxe4 19. dxe4 Nb6 20. Ne3 Ra8 21. Nf5 Bxf5 22.
exf5 Nfd5 23. f6 Nxf6 24. Qf5 Nfd7 25. Nxg5 hxg5 26. Qxg5+ Kf8 27. Re4 Re6 28. Rh4 Rg6 29.
Qf5 Nf6 30. f4 Qd7 31. Qc2 exf4 32. Rd1 fxg3 33. h3 Rd8 34. Rh8+ Ng8 35. Bf3 Bc5+ 36. bxc5 Nd5 37. Bxd5 cxd5 38. Kg2 Qc6 39. Rd4 Qe6 40.
Qd2 Re8 41. Rf4 Qe2+ 42. Qxe2 Rxe2+ 43. Kf3 Rxb2 44. Rh7 Rf2+ 45. Ke3 Rxf4 46. Kxf4 g2 47. Rh5 g1=Q 48. Rxd5 Qg3+ 49. Kf5 Rg5+ 50. Ke4 Nf6+ 51. Kd4 Rxd5+ 52. Kc4 Qd3+ 53. Kb4 b6 54. cxb6 Rb5+ 55. Ka4 Qb3# 0

[Event "Open Nuevo Centro. Jornada 1"]
[Site "Chess.com"]
[Date "2020.06.19"]
[Round "9"]
[White "Gerona Maura, Jesus"]
[Black "Castellano L�pez, Javier"]
[Result "0-1"]
[WhiteElo "1542"]
[BlackElo "1779"]
[TimeControl "180+2"]
[EndTime "12:15:33 PDT"]
[Termination "Victoria de its_xavi_official por abandono"]

1. e4 c6 2. d4 d5 3. Nc3 dxe4 4. Nxe4 Bf5 5. Bd3 e6 6. Nf3 Nf6 7. Qe2 Bg6 8. Ne5 Nbd7 9. Nxg6 hxg6 10. c3 Nxe4 11.
Bxe4 Bd6 12. Bd2 Nf6 13. Bd3 Qc7 14. O-O-O O-O-O 15. h3 Nd5 16. g3 c5 17. Bxg6 cxd4 18. c4 Be5 19. Kb1 Nb6 20. c5 Nd5 21. Be4 Kb8 22.
Qb5 a6 23. Qd3 Qxc5 24. Rc1 Qb6 25. Rhe1 Bf6 26. Bxd5 Rxd5 27. Bf4+ Ka8 28. Bc7 Qb5 29.
Qxb5 Rxb5 30. b3 Rxh3 31. Bf4 Rh8 32. Rc7 e5 33. Bd2 Rf8 34. Rec1 Rb6 35. Rc8+ Rxc8 36. Rxc8+ Ka7 37. Ba5 Rc6 38. Rd8 Bxd8 39. Bxd8 f5 40. Bg5 e4 41. Bd2 Rd6 42. g4 fxg4 43. Kc1 g3 44.
fxg3 e3 45. Be1 d3 46. Kd1 d2 47. Bxd2 Rxd2+ 48. Ke1 Rxa2 0

[Event "Open Nuevo Centro. Jornada 1"]
[Site "Chess.com"]
[Date "2020.06.19"]
[Round "9"]
[White "Chernikov, Vladimir"]
[Black "Clement G�mez, Jos� Antonio"]
[Result "1/2-1/2"]
[WhiteElo "2252"]
[BlackElo "2483"]
[TimeControl "180+2"]
[EndTime "12:15:54 PDT"]
[Termination "Tablas por repetición de movimientos"]

1. b3 Nf6 2. Bb2 g6 3. Bxf6 exf6 4. c4 Bg7 5. Nc3 f5 6. Rc1 O-O 7. g3 d6 8. Bg2 c6 9. e3 Nd7 10. Nge2 Nf6 11. O-O Re8 12. d4 h5 13. h4 Qe7 14.
Qd3 Bh6 15. b4 Ng4 16. Nf4 Bd7 17. b5 Rac8 18. bxc6 bxc6 19. Rb1 Rc7 20. Rfe1 Qd8 21. Re2 Qc8 22. Reb2 Qa6 23. c5 Qxd3 24. Nxd3 d5 25. Rb7 Rec8 26. Rxc7 Rxc7 27. Bxd5 Nxe3 28. fxe3 Bxe3+ 29.
Kg2 Bxd4 30. Ne2 Bf6 31. Rb8+ Kg7 32. Bb3 Be6 33. Bxe6 fxe6 34. Nb4 e5 35. a4 g5 36. hxg5 Bxg5 37. a5 h4 38. a6 Kf6 39. Rb7 Rc8 40. Rxa7 e4 41. Rd7 hxg3 42. Nxg3 Bf4 43. a7 Be3 44.
Nxc6 Bxc5 45. Nb8 Bxa7 46. Rxa7 Rxb8 47. Ra6+ Kg5 48. Ra5 Rb2+ 49. Kh3 Kf4 50. Rxf5+ Ke3 51. Re5 Rb4 52. Kg4 Kd3 53. Rd5+ Ke3 54. Nf5+ Ke2 55. Kf4 e3+ 56. Kg3 Rb8 57. Nd4+ Ke1 58. Nf3+ Ke2 59. Nd4+ Ke1 60. Nf3+ Ke2 61. Nd4+ 1/2-1

[Event "Open Nuevo Centro. Jornada 1"]
[Site "Chess.com"]
[Date "2020.06.19"]
[Round "9"]
[White "Casado Andreu, David"]
[Black "Alegre Romaguera, Francesc"]
[Result "0-1"]
[WhiteElo "1553"]
[BlackElo "1300"]
[TimeControl "180+2"]
[EndTime "12:15:57 PDT"]
[Termination "Victoria de Francesc_08 por abandono"]

1. e4 c5 2. Nf3 d6 3. d4 cxd4 4.
Nxd4 Nf6 5. Nc3 a6 6. Bc4 e6 7.
Bb3 Be7 8. Be3 O-O 9. O-O Nbd7 10. h3 Nc5 11. f3 b5 12. a4 Nxb3 13. Nxb3 b4 14. Na2 a5 15. c3 d5 16. e5 Nd7 17.
f4 Bb7 18. Qd2 Nb6 19. Qf2 Nc4 20. Bc1 Qc7 21. Kh1 Ba6 22. Re1 Rab8 23. f5 bxc3 24. bxc3 Rxb3 25. f6 Bc5 26. Qg3 g6 27. Qh4 Rfb8 28.
Qh6 Bf8 29. Qh4 Nxe5 30. Bh6 Nd3 31. Bxf8 Kxf8 32. Qh6+ Ke8 33. Re3 Nf2+ 34. Kg1 Ne4 35. Rae1 Rb1 36. Qxh7 Rxe1+ 37. Rxe1 Qc5+ 38. Kh1 Nf2+ 39. Kh2 Qf8 40. Qh4 Rb2 41. Nc1 Qd6+ 42. Kg1 Ne4 43.
Qh8+ Qf8 44. Qh4 Rc2 45. Kh2 Rxc3 46. Rxe4 dxe4 47. Qxe4 Qd6+ 48. g3 Rxc1 49. Qa8+ Bc8 50. Qxa5 Rc2+ 51. Kg1 Qd1+ 0

[Event "Open Nuevo Centro. Jornada 1"]
[Site "Chess.com"]
[Date "2020.06.19"]
[Round "9"]
[White "Simarro Peir�, Andr�s"]
[Black "Valverde Alcaide, Miguel Alejandro"]
[Result "1-0"]
[WhiteElo "1084"]
[BlackElo "908"]
[TimeControl "180+2"]
[EndTime "12:15:57 PDT"]
[Termination "Victoria de AndresSP24 por tiempo"]

1. e4 e5 2. Nf3 Nc6 3. Nc3 Nf6 4. Bb5 Bc5 5. Bxc6 dxc6 6. d3 Qe7 7. O-O Ng4 8. h3 Nxf2 9. Rxf2 Bxf2+ 10. Kxf2 Qc5+ 11. Be3 Qe7 12. d4 f6 13. d5 cxd5 14. Nxd5 Qd6 15.
b4 c6 16. Bc5 Qd7 17. Nc3 Qxd1 18. Rxd1 b6 19. Be3 O-O 20. b5 c5 21. Nd5 Rb8 22. Ne7+ Kh8 23. Nc6 Ra8 24. Rd8 Bb7 25. Rxf8+ Rxf8 26. Ne7 Rb8 27. Nf5 c4 28. Nd6 Rd8 29.
Nxc4 Rd1 30. a4 Ra1 31. Nd6 Rxa4 32. Nxb7 a6 33. bxa6 Rxa6 34. Nd6 Ra8 35. Nf7+ Kg8 36. Nd6 Ra2 37. Bxb6 Rxc2+ 38. Kg3 Rc6 39. Nf5 Rxb6 40. Ne7+ Kh8 41. Nc8 Rb8 42. Nd6 Rd8 43. Nf7+ Kg8 44. Nxd8 g5 45. h4 gxh4+ 46. Nxh4 Kg7 47. Nf5+ Kg6 48.
Ne6 h6 49. Nf8+ Kg5 50. Nh7+ Kh5 51. Nxf6+ Kg6 52. Nd7 Kg5 53. Nxe5 h5 54. Nf7+ Kg6 55. Nh8+ Kg5 56. e5 1

[Event "Open Nuevo Centro. Jornada 1"]
[Site "Chess.com"]
[Date "2020.06.19"]
[Round "9"]
[White "Salvador Buiza, Victor"]
[Black "Donate Moreno, Silvia"]
[Result "1/2-1/2"]
[WhiteElo "1574"]
[BlackElo "1778"]
[TimeControl "180+2"]
[EndTime "12:16:23 PDT"]
[Termination "Tablas por rey ahogado"]

1. e4 c5 2. Nf3 d6 3. Bb5+ Bd7 4. Bxd7+ Qxd7 5. c4 Nf6 6. Nc3 Nc6 7. d4 cxd4 8. Nxd4 Nxd4 9. Qxd4 g6 10. Nd5 Bg7 11. Nxf6+ Bxf6 12. Qd3 O-O 13. O-O Rac8 14.
Rb1 Qc6 15. b3 Qa6 16. Bb2 Bxb2 17. Rxb2 Rc5 18. Rc2 Rfc8 19. Rfc1 Qb6 20. a3 a5 21. Qc3 Re5 22. Qd3 Qc6 23. Re1 Qc5 24. a4 Qb4 25.
Re3 Rec5 26. Qc3 Qb6 27. h3 Qc6 28. Rd2 Qd7 29. Rd5 Qe6 30. Rxc5 Rxc5 31. Qd4 Qe5 32.
Rd3 Qxd4 33. Rxd4 Kg7 34. f4 Kf6 35. Kf2 Rc7 36. Ke3 Ke6 37. g4 f5 38. Rd5 fxe4 39. Rxa5 Rc6 40. Kxe4 Rb6 41. Rb5 Rxb5 42. axb5 Kd7 43.
f5 e5 44. fxe6+ Kxe6 45. h4 h6 46. b4 b6 47. Kd4 h5 48. gxh5 gxh5 49. Ke4 Ke7 50. Kd5 Kd7 51. c5 dxc5 52. bxc5 bxc5 53. Kxc5 Kc7 54. b6+ Kb7 55. Kb5 Kb8 56. Kc6 Kc8 57. Kd6 Kb7 58. Ke6 Kxb6 59. Kf6 Kc7 60. Kg5 Kd7 61. Kxh5 Ke7 62. Kg6 Kf8 63. Kh7 Kf7 64.
h5 Kf8 65. h6 Kf7 66. Kh8 Kf8 67. Kh7 Kf7 68. Kh8 Kf8 69. h7 Kf7 1/2-1

[Event "Open Nuevo Centro. Jornada 1"]
[Site "Chess.com"]
[Date "2020.06.19"]
[Round "9"]
[White "Yatseta Fernandez, Marc Kazymyr"]
[Black "Rodriguez Rodriguez, Joan David "]
[Result "1-0"]
[WhiteElo "1409"]
[BlackElo "1612"]
[TimeControl "180+2"]
[EndTime "12:16:24 PDT"]
[Termination "Victoria de K_73 por jaque mate"]

1. d4 d5 2. c4 e6 3. g3 Nf6 4. Bg2 c6 5. Nf3 dxc4 6. O-O Bd6 7. Be3 O-O 8. Nbd2 b5 9. a4 Bd7 10. axb5 cxb5 11. Ne5 Bxe5 12. Bxa8 Bd6 13. Bg2 Bc6 14. Bxc6 Nxc6 15. Qc2 a5 16. Rfc1 Nd5 17. Nf1 Qb6 18.
Rd1 Be7 19. h3 Bf6 20. Nh2 Nxd4 21. Bxd4 Bxd4 22. e3 Bf6 23. Nf3 Rc8 24. Nd4 Nb4 25. Qd2 Ra8 26. b3 cxb3 27. Rab1 g6 28. Nxb3 Rc8 29.
Rbc1 Rd8 30. Qe2 a4 31. Nd4 Qa5 32. Rc5 Rb8 33. Rxb5 Rxb5 34. Qxb5 Qxb5 35. Nxb5 Kg7 36. Rd2 Be7 37. Rb2 Nd5 38. Rb1 a3 39. Ra1 Nc3 40. Nxc3 f5 41. Ra2 Kf6 42. Nb5 Bb4 43. Nxa3 Bxa3 44.
Rxa3 h6 45. Ra6 g5 46. f4 g4 47. hxg4 fxg4 48. Kf2 h5 49. Ke2 Kf5 50. Ra5+ Kf6 51. e4 Kg6 52. Ke3 Kf6 53. f5 exf5 54. Rxf5+ Kg6 55.
Kf4 Kh6 56. e5 Kg6 57. e6 h4 58. gxh4 g3 59. Rg5+ Kh6 60. Rxg3 Kh5 61. e7 Kxh4 62. Rg4+ Kh3 63. e8=Q Kh2 64. Qh5# 1

[Event "Open Nuevo Centro. Jornada 1"]
[Site "Chess.com"]
[Date "2020.06.19"]
[Round "9"]
[White "Deusa Ballesteros, Luis Miguel"]
[Black "Mart�nez Carvajal, Juan Francisco"]
[Result "1-0"]
[WhiteElo "1502"]
[BlackElo "1732"]
[TimeControl "180+2"]
[EndTime "12:17:01 PDT"]
[Termination "Victoria de luma2 por tiempo"]

1. Nf3 c5 2. g3 d5 3. Bg2 Nc6 4. d3 Nf6 5. Nbd2 e5 6. O-O Bd6 7. e4 d4 8. a4 O-O 9. Nc4 Bc7 10. Nh4 Na5 11. Nxa5 Bxa5 12. f4 Bg4 13. Nf3 exf4 14. Bxf4 Qc8 15. Bd2 Bxd2 16. Qxd2 Qc7 17. Qg5 Rae8 18.
h3 Bd7 19. Qf4 Qb6 20. b3 Nh5 21. Qg5 Nf6 22. Ne5 Bc8 23. Nc4 Qe6 24. Rf2 h6 25. Qh4 Nh7 26. Raf1 Ng5 27. g4 a6 28. Qg3 b5 29.
axb5 axb5 30. Nd2 Qe5 31. Qxe5 Rxe5 32. Nf3 Nxf3+ 33. Rxf3 f6 34. R3f2 Bd7 35. Bf3 Ra8 36. Kg2 Ra2 37. Bd1 Re8 38. Re1 Rea8 39. Rfe2 Bc6 40.
Kg3 Re8 41. e5 fxe5 42. Rxe5 Rxe5 43. Rxe5 Kf7 44. Rxc5 Be8 45. Rf5+ Kg8 46. Rf1 Rb2 47. Kf4 g6 48. Ke5 Kg7 49. Kxd4 Bd7 50. Kc3 Rb1 51. Be2 Rxf1 52. Bxf1 h5 53. Be2 h4 54. Bf3 Kf6 55.
Kd4 g5 56. c4 bxc4 57. dxc4 Ke6 58. b4 Kd6 59. c5+ Kc7 60. b5 Bxb5 61. Ke5 Bf1 62.
Kf5 Bxh3 63. Kxg5 Bf1 64. Kxh4 Bd3 65. g5 Kd7 66. Kh5 Ke7 67. g6 Kf8 68. Bd5 Bf5 69. Kg5 Bc8 70. Kf6 1

[Event "Open Nuevo Centro. Jornada 1"]
[Site "Chess.com"]
[Date "2020.06.19"]
[Round "9"]
[White "Garcia, Jhoel"]
[Black "Campos Gambuti, Luis Mar�a"]
[Result "0-1"]
[WhiteElo "2320"]
[BlackElo "2353"]
[TimeControl "180+2"]
[EndTime "12:17:52 PDT"]
[Termination "Victoria de Tangalangafacv por abandono"]

1. b3 b6 2. Bb2 Bb7 3. e3 e6 4. d4 d5 5. Nf3 Nf6 6. Nbd2 Nbd7 7. Bd3 Ne4 8. Qe2 f5 9. O-O Bd6 10. Ba6 Bxa6 11. Qxa6 O-O 12. Rad1 Qe7 13. Ne5 Nxd2 14. Rxd2 f4 15. Qe2 fxe3 16. Qxe3 Nxe5 17. dxe5 Bc5 18. Qg3 Rf5 19. Kh1 Raf8 20. Re2 Ba3 21. Bc3 Bb4 22. Bb2 Ba3 23. Ba1 a5 24. f4 g5 25. Ref2 Qg7 26.
fxg5 Rxf2 27. Rxf2 Rxf2 28. Qxf2 Qxg5 29. Qf1 Qd2 30. h3 Qxc2 31. Bd4 Qe4 32. Qf2 Bc1 33. Qg3+ Kf7 34. Qf2+ Qf5 35. Qh4 Bf4 36. Bc3 Bxe5 37. Bxe5 Qxe5 38. Qxh7+ Ke8 39. h4 d4 40. h5 Qf5 41.
Qg8+ Ke7 42. Qg7+ Qf7 43. Qxd4 Qxh5+ 44. Kg1 Qd5 45. Qg7+ Kd6 46. Qf8+ Kc6 47. Kh1 Qh5+ 48. Kg1 e5 49. Qe7 Qf5 50. Qe8+ Kd6 51. Qd8+ Qd7 52. Qf8+ Qe7 53. Qf3 e4 54. Qe3 Qe5 55. Kh1 Qh5+ 56. Kg1 Qf5 57. Qd4+ Ke6 58. Qd8 Qc5+ 59. Kh1 Qe7 60.
Qd4 Kf5 61. Qd5+ Qe5 62. Qf7+ Kg4 63. Qg6+ Kf4 64. Qh6+ Qg5 65. Qe6 e3 66. Qf7+ Ke5 67. Qe8+ Kd4 68. Qd7+ Ke4 69. Qc6+ Kd3 70. Qc4+ Kd2 71.
Qd4+ Ke2 72. Qc4+ Kd1 73. Qd3+ Kc1 74. Qe2 Qh4+ 75. Kg1 Qf4 76. Qf1+ Qxf1+ 77. Kxf1 Kd2 78. g4 e2+ 79. Kg2 e1=Q 80. Kh3 Qe7 81. g5 Qxg5 0